 Dungeon Crawl Stone Soup version 0.25.0-46-gbd7b0854d2 (webtiles) character file.

Game seed: 9833900326711127327

283662 DameSoleil the Severer (level 19, -6/183 HPs)
             Began as a Minotaur Fighter on July 12, 2020.
             Was the Champion of Okawaru.
             Shot with an arrow by a deep elf master archer (25 damage)
             ... on level 3 of the Elven Halls on July 13, 2020.
             The game lasted 04:14:11 (49448 turns).

DameSoleil the Severer (Minotaur Fighter)          Turns: 49448, Time: 04:14:12

Health: -6/183     AC: 23    Str: 29    XL:     19   Next: 76%
Magic:  20/23      EV: 18    Int:  8    God:    Okawaru [******]
Gold:   2437       SH:  0    Dex: 22    Spells: 29/29 levels left

rFire    + + +     SeeInvis .   A - +6 battleaxe (venom)
rCold    + . .     Gourm    .   (shield currently unavailable)
rNeg     . . .     Faith    .   i - +1 plate armour {MR+}
rPois    .         Spirit   .   u - +2 hat
rElec    .         Reflect  .   t - scarf {rC+ rF+}
rCorr    .         Harm     .   W - +2 pair of gloves {Dex+3}
MR       +++..                  H - +2 pair of boots {run}
Stlth    ..........             e - amulet of Ythrin {rF++ Regen+}
HPRegen  0.80/turn              E - +6 ring of strength
MPRegen  0.18/turn              M - ring "Iboohita" {MR+ Dex+6}

@: lethally poisoned (-6 -> -9), about to teleport, finesse, corroded, quick
A: retaliatory headbutt, horns 2, low mp 1
}: 2/15 runes: decaying, gossamer
a: Heroism, Finesse, Renounce Religion


You were on level 3 of the Elven Halls.
You worshipped Okawaru.
Okawaru was exalted by your worship.
You were not hungry.

You visited 7 branches of the dungeon, and saw 35 of its levels.
You also visited: Ice Cave.

You collected 3413 gold pieces.
You spent 976 gold pieces at shops.

Inventory:

Hand Weapons
 p - the +8 glaive of the Guard {elec, +Rage AC+5 SInv}
   (You found it on level 5 of the Lair of Beasts)

   Occasionally, upon striking a foe, it will discharge some electrical energy
   and cause terrible harm.
   It affects your AC (+5).
   It lets you see invisible.
   It lets you go berserk.
 A - a +6 battleaxe of venom (weapon)
Missiles
 c - 17 curare-tipped darts
 r - 32 datura-tipped darts
 y - 15 boomerangs of dispersal
 C - 48 boomerangs
 J - 7 atropa-tipped darts
 T - 28 silver javelins (quivered)
 U - 4 silver boomerangs
Armour
 i - a +1 plate armour of magic resistance (worn)
 t - a scarf of resistance (worn)
 u - a +2 hat (worn)
 H - a +2 pair of boots of running (worn)
 W - a +2 pair of gloves of dexterity (worn)
Jewellery
 e - the amulet of Ythrin (around neck) {rF++ Regen+}
   (You found it on level 4 of the Lair of Beasts)

   [amulet of regeneration]

   It greatly protects you from fire.
   It increases your rate of regeneration.
 k - an uncursed ring of poison resistance
 w - an uncursed ring of resist corrosion
 E - a +6 ring of strength (left hand)
 M - the ring "Iboohita" (right hand) {MR+ Dex+6}
   (You took it off an orc on level 7 of the Dungeon)

   [ring of dexterity]

   It affects your dexterity (+6).
   It affects your resistance to hostile enchantments.
 X - an uncursed ring of see invisible
Wands
 h - a wand of digging (20)
 I - a wand of disintegration (22)
 Z - a wand of paralysis (5)
Scrolls
 b - 8 scrolls of blinking
 m - a scroll of summoning
 n - 11 scrolls of fear
 o - 4 scrolls of immolation
 q - 14 scrolls of remove curse
 s - 6 scrolls of enchant armour
 v - 8 scrolls of teleportation
 B - 8 scrolls of fog
 D - 9 scrolls of magic mapping
 K - 3 scrolls of identify
 O - 7 scrolls of enchant weapon
 Y - 3 scrolls of silence
Potions
 d - 7 potions of might
 g - 8 potions of resistance
 x - 8 potions of haste
 z - 8 potions of heal wounds
 F - 3 potions of lignification
 G - 3 potions of cancellation
 L - 13 potions of curing
 P - 2 potions of ambrosia
 R - 4 potions of invisibility
 S - 5 potions of brilliance
 V - 6 potions of flight
Comestibles
 a - 7 chunks of flesh
 f - 52 rations


   Skills:
 + Level 19.4 Fighting
 - Level 20.0 Axes
 + Level 16.6 Throwing
 + Level 15.7 Armour
 + Level 12.3 Dodging
 - Level 0.1 Stealth
   Level 3.6 Shields
 + Level 5.6 Spellcasting
 - Level 10.0 Invocations


You had 29 spell levels left.
You didn't know any spells.
Your spell library contained the following spells:

 Spells                   Type           Power        Failure   Level  Hunger
 Animate Skeleton         Necr           N/A          80%         1    #......
 Apportation              Tloc           #.....       80%         1    #......
 Beastly Appendage        Tmut           #.....       80%         1    #......
 Foxfire                  Conj/Fire      #...         80%         1    #......
 Freeze                   Ice            #...         80%         1    #......
 Magic Dart               Conj           #...         80%         1    #......
 Pain                     Necr           #...         80%         1    #......
 Summon Butterflies       Summ           #.......     80%         1    #......
 Summon Small Mammal      Summ           #...         80%         1    #......
 Blink                    Tloc           N/A          90%         2    ##.....
 Call Imp                 Summ           #.......     90%         2    ##.....
 Slow                     Hex            #.......     90%         2    ##.....
 Sticks to Snakes         Tmut           #.......     90%         2    ##.....
 Call Canine Familiar     Summ           #.......     99%         3    ###....
 Conjure Flame            Conj/Fire      #.......     99%         3    ###....
 Inner Flame              Hex/Fire       #.......     99%         3    ###....
 Lesser Beckoning         Tloc           #.........   99%         3    ###....
 Mephitic Cloud           Conj/Pois/Air  #.......     99%         3    ###....
 Ozocubu's Armour         Chrm/Ice       #.......     99%         3    ###....
 Recall                   Summ/Tloc      N/A          99%         3    ###....
 Spider Form              Tmut/Pois      #.........   99%         3    ###....
 Static Discharge         Conj/Air       #.......     99%         3    ###....
 Stone Arrow              Conj/Erth      #.....       99%         3    ###....
 Summon Guardian Golem    Hex/Summ       #.......     99%         3    ###....
 Tukima's Dance           Hex            #.......     99%         3    ###....
 Vampiric Draining        Necr           #.........   99%         3    ###....
 Animate Dead             Necr           N/A          100%        4    #####..
 Cause Fear               Hex            #.........   100%        4    #####..
 Fulminant Prism          Conj/Hex       #.........   100%        4    #####..
 Ice Form                 Ice/Tmut       #.......     100%        4    #####..
 Summon Ice Beast         Ice/Summ       #.......     100%        4    #####..
 Summon Lightning Spire   Summ/Air       #.......     100%        4    #####..
 Agony                    Necr           #.......     100%        5    ######.
 Alistair's Intoxication  Tmut/Pois      #.......     100%        5    ######.
 Blade Hands              Tmut           #.........   100%        5    ######.
 Bolt of Magma            Conj/Fire/Erth #.........   100%        5    ######.
 Borgnjor's Vile Clutch   Necr/Erth      #.........   100%        5    ######.
 Irradiate                Conj/Tmut      #.........   100%        5    ######.
 Lightning Bolt           Conj/Air       #.........   100%        5    ######.
 Silence                  Hex/Air        #.........   100%        5    ######.
 Yara's Violent Unravell  Hex/Tmut       #.........   100%        5    ######.
 Death Channel            Necr           #.........   100%        6    #######
 Hydra Form               Tmut           #.........   100%        6    #######
 Invisibility             Hex            #.......     100%        6    #######
 Shadow Creatures         Summ           N/A          100%        6    #######
 Simulacrum               Ice/Necr       #.........   100%        6    #######
 Statue Form              Tmut/Erth      #........    100%        6    #######
 Dragon Form              Tmut           #.........   100%        7    #######
 Ring of Flames           Chrm/Fire      #.........   100%        7    #######
 Summon Hydra             Summ           #.........   100%        7    #######
 Discord                  Hex            #.........   100%        8    #######
 Ignition                 Fire           #.........   100%        8    #######
 Shatter                  Erth           #.........   100%        9    #######
 Tornado                  Air            #.........   100%        9    #######


Dungeon Overview and Level Annotations

Branches:
Dungeon (15/15)            Temple (1/1) D:4            Lair (6/6) D:9
  Swamp (4/4) Lair:4       Spider (4/4) Lair:2        Slime (0/5) Lair:6
    Orc (2/2) D:9             Elf (3/3) Orc:2        Vaults (0/5) D:13
 Depths (0/5) D:15          IceCv (visited)

Altars:
Ashenzari
Cheibriados
Dithmenos
Elyvilon
Fedhas
Gozag
Hepliaklqana
Kikubaaqudgha
Makhleb
Nemelex Xobeh
Okawaru
Qazlal
Ru
Sif Muna
Trog
Uskayaw
Vehumet
Wu Jian
Xom
Yredelemnul
Zin
The Shining One
Beogh

Shops:
D:4 ?   D:5 (}=(   D:9 *   Orc:2 [*(:   Elf:1 =   Elf:2 }%(

Annotations:
D:10 1 runed translucent door
Swamp:3 2 transporters
Elf:2 2 transporters, Zism's ghost, adept GnWz


Innate Abilities, Weirdness & Mutations

You reflexively headbutt those who attack you in melee.
You have a pair of horns on your head.
Your magical capacity is low. (-10% MP)


Message History

You are poisoned.
* * * LOW HITPOINT WARNING * * *
A deep elf mage comes into view. It is wielding a +0 dagger.
Things that are here:
a +0 long sword; 24 gold pieces; an elf corpse You feel sick.
A deep elf death mage comes into view. It is wielding a +0 long sword.
The deep elf sorcerer mumbles some strange words.
The deep elf sorcerer seems to speed up.
The deep elf archer shoots an arrow.
The arrow hits you but does no damage.
The deep elf high priest utters a dark prayer and points at you.
Your life force is offered up.
* * * LOW HITPOINT WARNING * * *
The deep elf archer is healed.
The deep elf annihilator casts a spell.
The deep elf annihilator blinks!
The deep elf master archer wields a +0 longbow.
The deep elf master archer shoots an arrow.
The arrow hits you!!
You die...

*,,***,,,,,,,,...* *,,,,,,,,,,
*,,,,**,,,,,,,#e#######+*,,,,,,,
*,,,***+****###(....e..,*******+
*,,**,,,** #(e.....(..,,,* **,
*,**,,,,,** #......ee.e,,,* **,,
*,*,,,,,,,*##)).....(e....##*,,,
***,,,,,,,##...(ยง).........##,,,
*,,,,,,,#..))).(###.......#,,,
**,,,,,*#(.))@.##.##......#*,,
**,,,**#.....##...##.....#**,
**+**,#..)..#..})%#.....#,**
*,,,,,#....)##...##.....#,,,
*,,,,,#......##.##.).)..#,,,
**,,,,#.......#'#.......#,,,
**,,,##).).........)..##,,,
***,,##.............##,,**
**,,#........)....#,,**


You could see a deep elf master archer, a deep elf annihilator, a deep elf death
mage (wandering), a deep elf sorcerer (fast), a deep elf archer, a deep elf high
priest and a deep elf mage.

Vanquished Creatures
  Saint Roka (Elf:2)
  A deep elf master archer (Elf:3)
  2 deep elf blademasters (Elf:3)
  The ghost of Daghilat the Bludgeoner, an adept MiBe of Trog (Spider:1)
  3 thorn hunters
  A frost giant (IceCv)
  An orc warlord (Orc:2)
  7 ghost moths
  The ghost of jazmu the Severer, a journeyman FoSk of Okawaru (Spider:1)
  2 emperor scorpions (Spider:3)
  5 deep elf elementalists (Elf:3)
  6 deep elf sorcerers (Elf:3)
  The ghost of jombi the Bludgeoner, a journeyman DsFi of Qazlal (Spider:1)
  The ghost of funkygono the Basher, a journeyman MiFi of the Shining One (Lair:6)
  8 deep elf demonologists
  5 entropy weavers
  A dire elephant (Lair:6)
  4 deep elf annihilators (Elf:3)
  4 spark wasps
  Azrael (Elf:2)
  2 ettins (Orc:2)
  The ghost of dannycarnage the Covert, a journeyman SpEn of Sif Muna (Spider:1)
  Snorg (D:14)
  2 deep elf death magi (Elf:3)
  The ghost of Ivan the Protected, a journeyman DDFi of Makhleb (D:11)
  A fire dragon (D:14)
  3 deep elf high priests (Elf:3)
  17 hydras
  Harold (D:11)
  A catoblepas (Lair:6)
  3 shambling mangroves
  26 dancing weapons
  An anaconda (Lair:5)
  12 two-headed ogres
  12 alligators
  An ogre mage (D:15)
  A deep troll shaman (Lair:6)
  10 death yaks
  A queen ant (Spider:1)
  4 orc high priests (Orc:2)
  15 deep elf knights
  Sonja (Lair:5)
  3 spriggan druids
  5 large abominations (D:12)
  2 unseen horrors (D:14)
  14 deep elf archers
  Pikel (D:9)
  10 swamp dragons
  2 wizards
  4 orc knights
  11 orb spiders
  6 cyclopes
  62 deep elf magi
  20 wolf spiders
  7 orc sorcerers
  A manticore (D:13)
  4 ugly things
  A moth of wrath (Spider:1)
  8 elephants
  7 black mambas
  3 centaur zombies
  2 ice statues (IceCv)
  Joseph (Lair:1)
  A naga mage (D:15)
  3 torpor snails
  8 gargoyles
  10 komodo dragons
  14 spiny frogs
  2 rime drakes (Lair:1)
  6 centaur skeletons
  An efreet (D:12)
  9 demonic crawlers
  3 meliai (Lair:4)
  6 trolls
  20 polar bears
  4 red devils (D:15)
  A jumping spider (shapeshifter) (D:14)
  2 queen bees
  24 jumping spiders
  30 blink frogs
  10 tyrant leeches
  23 hornets
  13 slime creatures
  18 bog bodies
  14 hippogriffs
  81 redbacks
  A wraith (D:12)
  5 shadows
  2 water elementals
  28 tarantellas
  2 vampires
  9 spriggans
  A spectral komodo dragon (Lair:6)
  8 wyverns
  34 yaks
  5 basilisks
  A steam dragon (D:7)
  4 fire elementals (Elf:2)
  2 hungry ghosts
  2 wargs
  A death yak simulacrum (Lair:6)
  17 insubstantial wisps
  13 vampire mosquitoes
  2 acid dragons
  A hydra simulacrum (Lair:6)
  5 hell hounds (Elf:2)
  19 water moccasins
  20 swamp worms
  24 soldier ants
  13 swamp drakes
  2 black bears
  5 porcupines
  37 orc warriors
  6 sky beasts
  10 ice beasts
  3 phantoms
  A black mamba simulacrum (Lair:6)
  23 wolves
  4 necrophages
  12 ogres
  12 centaurs
  13 crocodiles
  A big kobold (D:14)
  4 earth elementals
  12 bullfrogs
  2 gnoll sergeants
  A spiny frog simulacrum (Lair:6)
  A water moccasin skeleton (D:4)
  7 small abominations (D:12)
  62 killer bees
  3 scorpions
  3 wights
  4 howler monkeys
  4 electric eels
  5 crimson imps
  A fire crab simulacrum (Lair:6)
  2 bullfrog zombies
  A jelly (D:6)
  24 orc priests
  A gnoll shaman (D:7)
  6 hounds
  4 bullfrog skeletons
  5 iguanas
  29 orc wizards
  34 worker ants
  2 hound zombies
  A hound skeleton (D:4)
  A mummy (D:8)
  9 adders
  17 gnolls
  3 shadow imps
  An ooze (D:2)
  3 adder skeletons
  3 worms
  A dart slug (D:2)
  4 leopard geckos
  104 orcs
  3 bats
  5 giant cockroaches
  9 goblins
  5 hobgoblins
  10 jackals
  5 quokkas
  3 ball pythons (D:2)
  4 frilled lizards
  12 kobolds
  7 rats
  3 fungi
  4 plants
1432 creatures vanquished.

Vanquished Creatures (others)
  A deep elf knight (Elf:3)
  A deep elf mage (Elf:2)
  8 fungi
  3 plants (Lair:3)
13 creatures vanquished.

Grand Total: 1445 creatures vanquished

Notes
Turn   | Place    | Note
-------+----------+-------------------------------------------
     0 | D:1      | DameSoleil the Minotaur Fighter began the quest for the
                  | Orb.
     0 | D:1      | Reached XP level 1. HP: 19/19 MP: 0/0
   200 | D:1      | Reached skill level 3 in Axes
   711 | D:1      | Reached XP level 2. HP: 26/26 MP: 1/1
   963 | D:1      | Reached skill level 1 in Dodging
  1389 | D:2      | Reached XP level 3. HP: 31/31 MP: 2/2
  1482 | D:2      | Reached skill level 4 in Axes
  1954 | D:3      | Noticed an ice beast
  1975 | D:3      | Killed an ice beast
  1975 | D:3      | Reached skill level 5 in Axes
  1975 | D:3      | Reached XP level 4. HP: 24/39 MP: 3/3
  1975 | D:3      | Reached XP level 5. HP: 27/45 MP: 4/4
  2128 | D:3      | Reached skill level 5 in Armour
  2391 | D:3      | Found an opulent altar of Gozag.
  2403 | D:3      | Found a shimmering altar of Xom.
  2636 | D:3      | Found a faded altar of an unknown god.
  2636 | D:3      | Found a bloodstained altar of Trog.
  2646 | D:3      | Found a faded altar of an unknown god.
  2648 | D:3      | Found a shadowy altar of Dithmenos.
  2650 | D:3      | Found a radiant altar of Vehumet.
  3033 | D:4      | Found a staircase to the Ecumenical Temple.
  3039 | Temple   | Entered the Ecumenical Temple
  3200 | D:4      | Found Umiujaipt's Magic Scroll Boutique.
  3204 | D:4      | Bought a scroll of teleportation for 42 gold pieces
  3204 | D:4      | Bought a scroll of remove curse for 42 gold pieces
  3204 | D:4      | Bought a scroll of identify for 28 gold pieces
  3204 | D:4      | Bought a scroll of fog for 28 gold pieces
  3204 | D:4      | Bought a scroll of magic mapping for 49 gold pieces
  3327 | D:4      | Reached skill level 6 in Axes
  3327 | D:4      | Reached XP level 6. HP: 51/51 MP: 5/5
  3474 | D:5      | Entered Level 5 of the Dungeon
  3516 | D:5      | Found Amemibbi's Gadget Shoppe.
  3603 | D:5      | Found a shimmering blue altar of Sif Muna.
  3654 | D:5      | Noticed a +0 dagger
  3654 | D:5      | Noticed a +0 dagger
  3657 | D:5      | Found a hide-covered altar of Uskayaw.
  3681 | D:5      | Found Bupotoyrgh's Antique Weapon Shop.
  4047 | D:5      | Reached XP level 7. HP: 57/57 MP: 6/6
  4064 | D:5      | Found Jieqoes's Antique Weapon Boutique.
  4070 | D:5      | Reached skill level 7 in Axes
  4301 | D:5      | Found Teocvuty's Jewellery Shop.
  4678 | D:6      | Reached skill level 8 in Axes
  4938 | D:6      | Reached XP level 8. HP: 61/64 MP: 7/7
  5222 | D:6      | Found an iron altar of Okawaru.
  5223 | D:6      | Found an ornate altar of the Wu Jian Council.
  5228 | D:6      | Became a worshipper of Warmaster Okawaru
  5447 | D:7      | Reached skill level 9 in Axes
  5755 | D:7      | Reached * piety under Okawaru
  6034 | D:7      | Reached skill level 10 in Axes
  6080 | D:7      | Reached skill level 10 in Armour
  6101 | D:7      | Reached ** piety under Okawaru
  6111 | D:7      | Reached XP level 9. HP: 64/70 MP: 8/8
  6169 | D:7      | Reached skill level 11 in Axes
  6288 | D:7      | Noticed a two-headed ogre
  6316 | D:7      | Killed a two-headed ogre
  6316 | D:7      | Reached *** piety under Okawaru
  6316 | D:7      | Reached skill level 12 in Axes
  6340 | D:7      | Identified the ring "Iboohita" {MR+ Dex+6}
  6636 | D:7      | Identified the Catalogue of Snow and Attacks
  6643 | D:7      | Got a pair of ichor-stained boots
  6654 | D:7      | Identified the +1 pair of boots of the Three Interlopers
                  | {Int+3 Stlth+} (You found it on level 7 of the Dungeon)
  6664 | D:7      | Identified Puovys's Reference Book on Battle Magic and Heat
  6716 | D:7      | Reached skill level 13 in Axes
  7072 | D:7      | Reached skill level 1 in Throwing
  7424 | D:4      | Bought a scroll of fear for 49 gold pieces
  7424 | D:4      | Bought a scroll of blinking for 105 gold pieces
  7777 | D:8      | Reached XP level 10. HP: 66/80 MP: 9/9
  8063 | D:8      | Reached skill level 5 in Fighting
  8152 | D:8      | Paralysed by a hornet for 2 turns
  8156 | D:8      | Reached **** piety under Okawaru
  8562 | D:8      | Reached skill level 14 in Axes
  8594 | D:8      | Found a snail-covered altar of Cheibriados.
  8596 | D:8      | Received a gift from Okawaru
  8678 | D:8      | Noticed a two-headed ogre
  8693 | D:8      | Killed a two-headed ogre
  8796 | D:8      | Noticed a two-headed ogre
  8813 | D:8      | Killed a two-headed ogre
  8813 | D:8      | Reached ***** piety under Okawaru
  8813 | D:8      | Reached skill level 5 in Throwing
  9093 | D:8      | Found a glowing golden altar of the Shining One.
  9095 | D:8      | Identified the cursed +1 leather armour of a Billion Tusks
                  | {rC+ Str+2}
  9697 | D:9      | Found Fakir's General Store.
  9705 | D:9      | Bought 2 curare-tipped darts for 16 gold pieces
  9732 | D:9      | Reached XP level 11. HP: 58/92 MP: 10/10
  9733 | D:9      | Found a staircase to the Orcish Mines.
 10140 | D:9      | Found a staircase to the Lair.
 10140 | D:9      | Noticed a death yak
 10140 | D:9      | Noticed a death yak
 10141 | D:9      | Noticed a death yak
 10171 | D:8      | Killed a death yak
 10261 | D:9      | Killed a death yak
 10304 | D:9      | Noticed a death yak
 10304 | D:9      | Noticed a death yak
 10313 | D:9      | Noticed a death yak
 10343 | D:8      | Killed a death yak
 10343 | D:8      | Received a gift from Okawaru
 10482 | D:8      | Killed a death yak
 10482 | D:8      | Reached skill level 15 in Axes
 10668 | D:9      | Killed a death yak
 10690 | D:9      | Killed a death yak
 10690 | D:9      | Received a gift from Okawaru
 10998 | D:9      | Found a glowing golden altar of the Shining One.
 10998 | D:9      | Found a stormy altar of Qazlal.
 11154 | D:9      | Noticed Pikel
 11167 | D:9      | Killed Pikel
 11485 | D:9      | Identified a +2 pair of boots of running (Okawaru gifted it
                  | to you on level 9 of the Dungeon)
 11528 | D:10     | Entered Level 10 of the Dungeon
 11528 | D:10     | Found Sihugam's Assorted Antiques.
 12001 | D:10     | Reached skill level 10 in Fighting
 12417 | D:10     | Found a glowing golden altar of the Shining One.
 12417 | D:10     | Found a runed translucent door.
 12417 | D:10     | Noticed an angel
 12838 | D:5      | Bought an uncursed ring of poison resistance for 220 gold
                  | pieces
 12986 | Lair:1   | Entered Level 1 of the Lair of Beasts
 12986 | Lair:1   | Noticed a four-headed hydra
 12997 | Lair:1   | Killed a four-headed hydra
 12997 | Lair:1   | Reached XP level 12. HP: 106/106 MP: 8/11
 13037 | Lair:1   | You fall into a shaft and drop 1 floor!
 13120 | Lair:1   | Found a frozen archway.
 13134 | IceCv    | Entered an ice cave
 13186 | IceCv    | Reached skill level 16 in Axes
 13526 | IceCv    | Received a gift from Okawaru
 14260 | IceCv    | Received a gift from Okawaru
 14430 | IceCv    | Noticed a frost giant
 14480 | IceCv    | Killed a frost giant
 14480 | IceCv    | Received a gift from Okawaru
 14480 | IceCv    | Reached skill level 1 in Invocations
 14491 | IceCv    | Received a gift from Okawaru
 14987 | IceCv    | Got a crystal great mace
 14988 | IceCv    | Identified the +6 great mace "Vinerr" {elec, rC+} (You
                  | found it in an ice cave)
 15739 | Lair:1   | Reached ****** piety under Okawaru
 15982 | Lair:1   | Noticed Joseph
 15989 | Lair:1   | Killed Joseph
 16495 | Lair:2   | Reached XP level 13. HP: 102/118 MP: 14/14
 16585 | Lair:2   | Received a gift from Okawaru
 16585 | Lair:2   | Reached skill level 10 in Throwing
 16658 | Lair:2   | Found a hole to the Spider Nest.
 17113 | Lair:3   | Received a gift from Okawaru
 17118 | Lair:3   | Reached skill level 17 in Axes
 18303 | Lair:4   | Received a gift from Okawaru
 18320 | Lair:4   | Reached skill level 5 in Invocations
 19523 | Lair:4   | Got a transparent diamond amulet
 19799 | Lair:4   | Found a staircase to the Swamp.
 20455 | Lair:5   | Reached XP level 14. HP: 124/129 MP: 17/17
 20556 | Lair:5   | Identified the amulet of Ythrin {rF++ Regen+} (You found it
                  | on level 4 of the Lair of Beasts)
 20574 | Lair:5   | Received a gift from Okawaru
 20646 | Lair:5   | Found the +8 glaive of the Guard {elec, +Rage AC+5 SInv}
 20677 | Lair:5   | Noticed Sonja
 20694 | Lair:5   | Killed Sonja
 21388 | Lair:6   | Entered Level 6 of the Lair of Beasts
 21435 | Lair:5   | Reached skill level 18 in Axes
 21729 | Lair:6   | Found a staircase to the Slime Pits.
 21818 | Lair:6   | Found a runed translucent gate.
 21818 | Lair:6   | Found a runed translucent gate.
 21818 | Lair:6   | Found a runed translucent gate.
 22138 | Lair:6   | Received a gift from Okawaru
 22674 | Lair:6   | Got a heavily runed jade amulet
 22676 | Lair:6   | Identified the amulet "Atwelun" {Faith Slay+5} (You found
                  | it on level 6 of the Lair of Beasts)
 22823 | Lair:6   | Noticed funkygono's ghost (journeyman MiFi)
 22842 | Lair:6   | Killed funkygono's ghost
 22842 | Lair:6   | Received a gift from Okawaru
 23317 | D:11     | Noticed Harold
 23327 | D:11     | Killed Harold
 23673 | D:11     | Noticed Ivan's ghost (journeyman DDFi)
 23674 | D:11     | Found a runed translucent gate.
 23674 | D:11     | Found a runed translucent gate.
 23674 | D:11     | Found a runed translucent gate.
 23677 | D:11     | Found a roughly hewn altar of Beogh.
 24079 | D:11     | Killed Ivan's ghost
 24673 | D:12     | Received a gift from Okawaru
 25048 | D:12     | Received a gift from Okawaru
 25052 | D:12     | Reached XP level 15. HP: 108/139 MP: 20/20
 25418 | D:12     | Received a gift from Okawaru
 25507 | D:13     | Found a gate to the Vaults.
 25838 | D:13     | Reached skill level 15 in Fighting
 26855 | D:14     | Reached skill level 19 in Axes
 27003 | D:14     | Noticed Snorg
 27029 | D:14     | Killed Snorg
 27526 | D:15     | Entered Level 15 of the Dungeon
 28184 | D:15     | Found a staircase to the Depths.
 28201 | D:15     | Reached skill level 10 in Invocations
 28539 | Orc:1    | Entered Level 1 of the Orcish Mines
 28562 | Orc:2    | Entered Level 2 of the Orcish Mines
 28785 | Orc:2    | Found a staircase to the Elven Halls.
 29605 | Orc:1    | Found a roughly hewn altar of Beogh.
 29798 | Orc:1    | Received a gift from Okawaru
 29799 | Orc:1    | Got a dazzling hand axe {god gift}
 29802 | Orc:1    | Identified the +4 hand axe of Abuse {vorpal, *Slow +Blink
                  | Dex+8} (Okawaru gifted it to you on level 1 of the Orcish
                  | Mines)
 30305 | Orc:2    | Noticed an orc warlord
 30323 | Orc:2    | Killed an orc warlord
 30323 | Orc:2    | Reached XP level 16. HP: 130/151 MP: 20/22
 30523 | Orc:2    | Found Pusop's General Store.
 30524 | Orc:2    | Found Goxkuce's Book Boutique.
 30525 | Orc:2    | Found Obueb's Antique Armour Shop.
 30525 | Orc:2    | Found Koage's Antique Weapon Shop.
 30539 | Orc:2    | Bought a scroll of blinking for 112 gold pieces
 30539 | Orc:2    | Bought a potion of ambrosia for 120 gold pieces
 30726 | Spider:1 | Entered Level 1 of the Spider Nest
 30857 | Spider:1 | Received a gift from Okawaru
 31263 | Lair:2   | Received a gift from Okawaru
 31286 | Lair:2   | HP: 6/151 [poisoned by a redback]
 31291 | Lair:2   | HP: 4/151 [poisoned by a redback]
 31296 | Lair:2   | HP: 3/151 [poisoned by a redback]
 31301 | Lair:2   | HP: 4/151 [poisoned by a redback]
 31308 | Lair:2   | HP: 6/151 [poisoned by a redback]
 32009 | Spider:1 | Found a runed translucent gate.
 32013 | Spider:1 | Found a runed translucent gate.
 32014 | Spider:1 | Found a runed translucent gate.
 32015 | Spider:1 | Noticed dannycarnage's ghost (journeyman SpEn)
 32016 | Spider:1 | Noticed jazmu's ghost (journeyman FoSk)
 32016 | Spider:1 | Noticed jombi's ghost (journeyman DsFi)
 32016 | Spider:1 | Noticed Daghilat's ghost (adept MiBe)
 32039 | Spider:1 | Killed jombi's ghost
 32051 | Spider:1 | Killed Daghilat's ghost
 32051 | Spider:1 | Reached skill level 5 in Dodging
 32070 | Spider:1 | Killed dannycarnage's ghost
 32083 | Spider:1 | Killed jazmu's ghost
 32083 | Spider:1 | Received a gift from Okawaru
 32095 | Spider:1 | Got a smoking turquoise ring
 32117 | Spider:1 | Identified the ring of Mynucoiv {Wiz rN+} (You found it on
                  | level 1 of the Spider Nest)
 32406 | Spider:2 | Received a gift from Okawaru
 32552 | Spider:2 | Received a gift from Okawaru
 32654 | Spider:2 | Got a fine hat {god gift}
 32665 | Spider:2 | Identified the -2 hat "Seimikly" {MR- rCorr Int+3 Stlth+}
                  | (Okawaru gifted it to you on level 2 of the Spider Nest)
 33068 | Spider:2 | Reached skill level 20 in Axes
 34988 | D:5      | Bought an uncursed ring of see invisible for 165 gold
                  | pieces
 35686 | Spider:4 | Entered Level 4 of the Spider Nest
 35891 | Spider:4 | Reached XP level 17. HP: 116/160 MP: 23/23
 36463 | Spider:4 | Received a gift from Okawaru
 37764 | Spider:4 | Paralysed by a hornet for 1 turns
 38293 | Spider:4 | Got a gossamer rune of Zot
 38571 | Swamp:1  | Entered Level 1 of the Swamp
 39321 | Swamp:1  | Reached skill level 15 in Throwing
 39483 | Swamp:2  | Received a gift from Okawaru
 39814 | Swamp:2  | Reached skill level 1 in Spellcasting
 39823 | Swamp:2  | Received a gift from Okawaru
 40845 | Swamp:3  | Found a transporter.
 41126 | Swamp:3  | Got a pair of shimmering boots
 41137 | Swamp:3  | Identified the +1 pair of boots "Afedyiph" {rN+ Str+2
                  | Int+2} (You found it on level 3 of the Swamp)
 41202 | Swamp:3  | Found a transporter.
 41621 | Swamp:4  | Entered Level 4 of the Swamp
 42447 | Swamp:4  | Received a gift from Okawaru
 42474 | Swamp:4  | Reached XP level 18. HP: 157/172 MP: 24/24
 43439 | Swamp:4  | Reached skill level 10 in Dodging
 43995 | Swamp:4  | Got a decaying rune of Zot
 44464 | Elf:1    | Entered Level 1 of the Elven Halls
 44821 | Elf:1    | Noticed a Tzitzimitl
 45387 | Elf:1    | Found Bufric's Jewellery Shoppe.
 45489 | Elf:1    | Identified the Incunabulum of Summoning
 45639 | Elf:2    | Found Wirumugu's Food Emporium.
 45738 | Elf:2    | Found Jalyukh's Antique Weapon Shop.
 45843 | Elf:2    | Received a gift from Okawaru
 46024 | Elf:2    | Found Asanuovi's Gadget Emporium.
 46131 | Elf:2    | Noticed Zism's ghost (adept GnWz)
 46132 | Elf:2    | Found a bloodstained altar of Trog.
 46133 | Elf:2    | Identified the cursed +1 rapier of Decaying Optimality
                  | {freeze, +Inv}
 46141 | Elf:2    | Identified the +2 longbow "Dyjus" {freeze, rElec rF+ rN+
                  | Dex+4}
 46147 | Elf:2    | Identified the +5 quick blade of Putrescence {vorpal, Int+5
                  | Dex-5}
 46219 | Elf:2    | Found a transporter.
 46221 | Elf:2    | Found a transporter.
 46340 | Elf:2    | Found a runed translucent gate.
 46340 | Elf:2    | Found a runed translucent gate.
 46341 | Elf:2    | Found a runed translucent gate.
 46958 | Elf:2    | Noticed Azrael
 46970 | Elf:2    | Killed Azrael
 47037 | Elf:2    | Noticed Saint Roka
 47078 | Elf:2    | Killed Saint Roka
 47195 | Elf:2    | Reached XP level 19. HP: 180/181 MP: 25/25
 47484 | Elf:2    | Reached skill level 15 in Armour
 47513 | Elf:2    | Received a gift from Okawaru
 47739 | Elf:3    | Entered Level 3 of the Elven Halls
 47782 | Elf:3    | Identified a scroll of acquirement
 47783 | Elf:3    | Acquired a +1 vorpal executioner's axe
 47846 | Elf:3    | Received a gift from Okawaru
 47855 | Elf:3    | Got a pitted hat {god gift}
 47866 | Elf:3    | Identified the +0 hat "Suliefygi" {rF+} (Okawaru gifted it
                  | to you on level 3 of the Elven Halls)
 47906 | Elf:3    | Found an ancient bone altar of Kikubaaqudgha.
 48752 | Elf:3    | Reached skill level 5 in Spellcasting
 48933 | Elf:3    | Noticed a Tzitzimitl
 48949 | Elf:3    | Gained mutation: Your magical capacity is low. (-10% MP) [a
                  | neqoxec]
 49413 | Elf:3    | Received a gift from Okawaru
 49445 | Elf:3    | Identified the +10 rapier of Mobilas {speed, Int+4 Dex+2}
 49448 | Elf:3    | Shot with an arrow by a deep elf master archer

Illustrated notes

Levels and vault maps discovered:
D:1:      lemuel_arrival_tunnels, layout_basic, dk_noncrumbling_2, minivault_26
D:2:      layout_loops_ring, first_ration, minmay_pentomino_t2
D:3:      corexii_shack_village, layout_basic,
          chequers_temple_overflow_minitemple, amethyst_overflow_temple_binary
D:4:      layout_basic, minmay_temple_entry_hall, serial_shops, shop
D:5:      layout_loops_corners, dancing_weapons_uskayaw, serial_shops, shop,
          shop, kennysheep_mini_moat, kennysheep_little_box,
          lemuel_blue_sif_altar
D:6:      layout_basic, gammafunk_temple_overflow_statue,
          chequers_serial_rivers_marsh
D:7:      minmay_the_grid_octo_triangle [minmay_the_grid_octo_checkered,
          minmay_the_grid_octo_prize_single_spiral,
          minmay_the_grid_octo_concentric], layout_loops_ring,
          minmay_joined_circles
D:8:      layout_gridville, old_standard_altar, serial_undead, serial_undead_f,
          serial_undead_d, serial_undead_b, serial_undead_c,
          hangedman_pestilent_swarm, tso_metal_star
D:9:      layout_loops_ring, gammafunk_temple_overflow_elements,
          dpeg_lair_monsters, david_orc_3, serial_shops,
          nicolae_shop_temple_entry_statues_fountains, minivault_22, uniq_pikel
D:10:     layout_gridville, serial_shops, shop, lemuel_angel_altar
D:11:     layout_long_grid, biasface_ghost_orc_armoury, nrook_loot_triangle,
          minmay_misc_feat_tiny, hangedman_abyss_or_decor_stagger,
          minmay_sticks_and_stones, uniq_harold
D:12:     layout_stronghold, laboratory
D:13:     layout_cave_pods, erik_vaults_1
D:14:     layout_irregular_city, uniq_snorg
D:15:     grunt_enter_depths_magical_seal, layout_rooms, grunt_decor_one_mirror,
          small_statue_intersection, ebering_dispersal_statue_hall,
          einodemon_armed_red_devil_minivault
Temple:   minmay_freezing_vapour_temple
Lair:1:   layout_gridlike, portal_ice_cave_rime, grunt_megastairs_3,
          serial_bayou_shore_a, uniq_joseph
Lair:2:   layout_regular_city, spider_nest_entry_webs
Lair:3:   layout_roguey [special_room_bee], beast_lair_carwin_1,
          serial_bayou_shore_b, grunt_megastairs_2, serial_bayou_shore_b
Lair:4:   regret_index_tunnel_blossom, layout_hall_layers,
          nicolae_swamp_entry_splash_gauntlet
Lair:5:   beast_lair_carwin_large_4, layout_loops_ring, serial_forest,
          infiniplex_forest_fountain, infiniplex_forest_end_2,
          infiniplex_forest_straight_2, infiniplex_forest_lined_2,
          infiniplex_forest_lined_corner, infiniplex_forest_pool,
          infiniplex_forest_clump_double, infiniplex_forest_zigzag_1,
          infiniplex_forest_straight_5, uniq_sonja
Lair:6:   grunt_lair_end_beastmaster, layout_gridlike, slime_dummy,
          gammafunk_ghost_necromancy, nicolae_volcano_entry_s_turn
Swamp:1:  layout_basic_swamp, evilmike_swamp_ruin_wall, swamp_pool2
Swamp:2:  layout_basic_swamp, infiniplex_staircase_pool_2
Swamp:3:  gammafunk_the_bubble [the_bubble_gammafunk_split], layout_basic_swamp,
          evilmike_swamp_ruin_house_3, infiniplex_staircase_pool
Swamp:4:  swamp_basic_johnstein, layout_basic_swamp
Spider:1: layout_spider_delve, gammafunk_ghost_cemetery, drop_trap, minivault_29
Spider:2: layout_spider_delve
Spider:3: layout_spider_delve
Spider:4: spider_rune_water
Orc:1:    layout_diamond_mine, gammafunk_ghost_wrathful_warriors,
          statue_in_the_mist_lemuel, lemuel_statue_altar
Orc:2:    st_orc_congregation, layout_diamond_mine, nicolae_orc_stony_grotto
Elf:1:    layout_rooms, serial_shops, shop, minmay_elf_demonology
Elf:2:    layout_loops_ring, gammafunk_ghost_wrathful_warriors, serial_shops,
          nicolae_shop_temple_entry_statues_fountains, nicolae_shop_waterfront,
          shop, uniq_louise, uniq_azrael, uniq_saint_roka
Elf:3:    nooodl_elf_gasket, layout_geoelf_grid, basic_altar,
          corexii_hall_statues_i

Skill      XL: |  1  2  3  4  5  6  7  8  9 10 11 12 13 14 15 16 17 18 19 |
---------------+----------------------------------------------------------+-----
Axes           | 3 5 6 8 10 13 14 15 16 17 18 19 20 | 20.0
Dodging        | 1 3 7 9 11 12 | 12.3
Armour         | 4 5 6 8 10 12 13 14 15 | 15.7
Fighting       | 4 7 10 12 13 14 16 18 19 | 19.4
Throwing       | 2 5 8 9 11 12 13 14 15 16 | 16.6
Invocations    | 3 6 8 10 | 10.0
Spellcasting   | 2 4 5 |  5.6
Stealth        | |  0.1
Shields        | |  3.6

Action                   |  1- 3 |  4- 6 |  7- 9 | 10-12 | 13-15 | 16-18 | 19-21 || total
-------------------------+-------+-------+-------+-------+-------+-------+-------++-------
Melee: War axe           |   103 |   107 |   264 |   351 |       |       |       ||   825
       Headbutt          |     9 |    22 |    51 |   208 |   331 |   384 |    62 ||  1067
       Punch             |       |       |     2 |     1 |       |       |       ||     3
       Flail             |       |       |       |   176 |     9 |       |       ||   185
       Battleaxe         |       |       |       |    66 |  1112 |  1421 |   193 ||  2792
       Glaive            |       |       |       |       |    15 |     9 |       ||    24
       Hand axe          |       |       |       |       |       |    57 |       ||    57
Throw: Dart              |       |       |     4 |    57 |    11 |       |       ||    72
       Stone             |       |       |     8 |    64 |   132 |       |       ||   204
       Boomerang         |       |       |       |       |    60 |   214 |    85 ||   359
       Javelin           |       |       |       |       |       |       |    60 ||    60
Invok: Heroism           |       |       |     2 |    13 |     7 |     7 |     1 ||    30
       Finesse           |       |       |       |     2 |     7 |     5 |     2 ||    16
Evoke: Wand              |       |       |       |     2 |       |       |     1 ||     3
  Use: Scroll            |       |     1 |     4 |    10 |     8 |    11 |     7 ||    41
       Potion            |       |       |       |     1 |       |     1 |     3 ||     5
 Stab: Petrifying        |       |       |       |       |     3 |       |       ||     3
       Petrified         |       |       |       |       |     1 |       |       ||     1
       Held in net/web   |       |       |       |       |       |     2 |       ||     2
       Confused          |       |       |       |       |       |     1 |       ||     1
       Distracted        |       |       |       |       |       |     2 |       ||     2
  Eat: Chunk             |     3 |     7 |     7 |    20 |    28 |    24 |     4 ||    93
       Ration            |       |       |     1 |     3 |     4 |     8 |     1 ||    17
Armor: Scale mail        |    25 |       |       |       |       |       |       ||    25
       Plate armour      |    43 |    60 |   155 |   325 |   688 |  1066 |    73 ||  2410
Dodge: Dodged            |    43 |    37 |    79 |   252 |   418 |   748 |    91 ||  1668
